 Dungeon Crawl Stone Soup version 0.31-a0-7-g51783674b7 (webtiles) character file.

Game seed: 4581558068587870710

95 BlueFish the Trooper (level 4, -8/31 HPs)
             Began as an Octopode Fighter on May 5, 2023.
             Mangled by a gnoll
             ... wielding a +3 halberd
              (11 damage)
             ... on level 3 of the Dungeon.
             The game lasted 00:03:07 (1642 turns).

BlueFish the Trooper (Octopode Fighter)             Turns: 1642, Time: 00:03:07

Health: -8/31      AC:  1    Str: 17    XL:     4   Next: 65%
Magic:  4/4        EV: 13    Int: 10    God:
Gold:   146        SH:  4    Dex: 11    Spells: 3/3 levels left

rFire   . . .        a - +2 short sword (elec)
rCold   . . .        d - +0 buckler
rNeg    . . .        (helmet restricted)
rPois   .            (no amulet)
rElec   .            o - ring of willpower
rCorr   .            (no ring)
SInv    .            (no ring)
Will    +....        (no ring)
Stlth   +++          (no ring)
HPRegen 0.25/turn    (no ring)
MPRegen 0.09/turn    (no ring)
                     (no ring)

%: no passive effects
@: no status effects
A: almost no armour, amphibious, 8 rings, camouflage 1, gelatinous body 1,
(nimble swimmer 1), tentacles
a: no special abilities


You were on level 3 of the Dungeon.
You visited 1 branch of the dungeon, and saw 3 of its levels.

You collected 146 gold pieces.

Inventory:

Hand Weapons
 a - a +2 short sword of electrocution (weapon)
 b - a +0 sling
 g - a +0 rapier
Missiles
 f - 6 datura-tipped darts
 j - 33 stones (quivered)
 m - 4 boomerangs
Armour
 d - a +0 buckler (worn)
Jewellery
 o - a ring of willpower (left tentacle)
Wands
 l - a wand of charming (1)
Scrolls
 n - 3 scrolls of immolation {unknown}
 p - a scroll of amnesia {unknown}
Potions
 c - 2 potions of might
 e - a potion of ambrosia {unknown}
 h - a potion of cancellation {unknown}
 i - 3 potions of curing {unknown}
 k - 2 potions of degeneration {unknown}


   Skills:
 + Level 3.5 Fighting
 + Level 2.8 Short Blades
 + Level 0.3 Throwing
 + Level 3.5 Dodging
 * Level 1.5 Stealth
 + Level 3.5 Shields
 + Level 0.6 Evocations


You had 3 spell levels left.
You didn't know any spells.
Your spell library was empty.

Dungeon Overview and Level Annotations

Branches:
Dungeon (3/15)

Altars:

Annotations:
D:3 1 runed translucent door


Innate Abilities, Weirdness & Mutations

You cannot wear most types of armour.
You are amphibious.
You can wear up to eight rings at the same time.
Your skin changes colour to match your surroundings (Stealth+).
Your rubbery body absorbs attacks. (AC +1, EV +1)
((You are camouflaged when in or above water. (Stealth+)))
You have tentacles for arms and can constrict up to eight enemies at once.


Message History

The gnoll is moderately wounded.
You shoot a sling bullet.
The sling bullet barely misses the gnoll.
You shoot a sling bullet.
The sling bullet barely misses the gnoll.
The gnoll throws a poisoned dart.
The poisoned dart hits you!
You are poisoned.
You hear the crackle of electricity.
a - a +2 short sword of electrocution (weapon)
You feel sick.
You feel sick. The gnoll closely misses you.
You see here 17 gold pieces.
You barely miss the gnoll. You grab the gnoll.
The gnoll is moderately wounded.
You constrict the gnoll.
You feel sick. You block the gnoll's attack.
A gnoll comes into view. It is wielding a +3 halberd.
The gnoll shouts!
You hit the gnoll.
The gnoll is heavily wounded.
You constrict the gnoll.
You feel sick.
The gnoll escapes!
You hit the gnoll. Your grab misses the gnoll. You squeeze the gnoll.
You kill the gnoll!
You feel sick.
You feel sick.
You feel sick.
You feel sick.
You are no longer poisoned.
The gnoll misses you.
You closely miss the gnoll. You grab the gnoll. You constrict the gnoll.
You hit the gnoll.
The gnoll is heavily wounded.
You constrict the gnoll. The gnoll hits you with a +0 flail.
You hit the gnoll but do no damage.
The gnoll is severely wounded.
You constrict the gnoll. The gnoll closely misses you.
The gnoll hits you from afar with a +3 halberd!
You release your grip on the gnoll.
The gnoll hits you with a +0 flail!
* * * LOW HITPOINT WARNING * * *
The gnoll hits you with a +3 halberd!
You die...

....... ...................♣
........ .....#....##..###..♣♣
...#.... ..............>.#..P.♣
...................♣♣♣
........).........♣
####.#....##..###...♣
..............# #.♣P♣
..........##.......♣♣
...............)@g........ §
#..#..#..####.#g#.>##..###.♣♣.
....................#..# ♣
...#..#..##............##
#..#..#..####)#.#........
......................... ♣P♣
...................##..# ..P
........).#####.#..##..###.. ♣ P
......#...##...............♣♣.♣.


You could see 2 gnolls.

Vanquished Creatures
  2 gnolls (D:3)
  2 adders
  A dart slug (D:1)
  An orc (D:3)
  8 bats
  5 endoplasms
  2 giant cockroaches
  8 goblins
  4 hobgoblins
  6 quokkas
  2 ball pythons
  A frilled lizard (D:2)
  4 kobolds
  4 rats (D:1)
50 creatures vanquished.

Vanquished Creatures (others)
  35 plants (D:3)
35 creatures vanquished.

Grand Total: 85 creatures vanquished

Notes
Turn   | Place    | Note
-------+----------+-------------------------------------------
     0 | D:1      | BlueFish the Octopode Fighter began the quest for the Orb.
     0 | D:1      | Reached XP level 1. HP: 16/16 MP: 1/1
    95 | D:1      | Reached XP level 2. HP: 21/21 MP: 2/2
   400 | D:1      | Reached XP level 3. HP: 26/26 MP: 3/3
   969 | D:2      | You fall into a shaft and drop 1 floor!
   980 | D:3      | Found a runed translucent door.
  1125 | D:2      | Reached XP level 4. HP: 31/31 MP: 4/4
  1578 | D:3      | Reached skill level 1 in Stealth
  1642 | D:3      | Mangled by a gnoll

Illustrated notes

Levels and vault maps discovered:
D:1:      dpeg_arrival_boxorama, layout_loops_cross, grunt_decor_junction
D:2:      layout_rooms, serial_bayou_pond_c
D:3:      wad_woods_stonehenge, layout_basic, ebering_ghost_reflecting_pool,
          uniq_natasha

Skill      XL: |  1  2  3  4 |
---------------+-------------+-----
Stealth        | 1 |  1.5
Fighting       | |  3.5
Short Blades   | |  2.8
Throwing       | |  0.3
Dodging        | |  3.5
Shields        | |  3.5
Evocations     | |  0.6

Action                     |  1- 3 |  4- 6 || total
---------------------------+-------+-------++-------
  Melee: Short sword       |    24 |    16 ||    40
         Constrict         |     7 |     7 ||    14
         Tentacles         |     3 |     5 ||     8
   Fire: Sling             |    76 |    11 ||    87
 Armour: Skin              |     6 |       ||     6
  Dodge: Dodged            |    16 |     5 ||    21
  Block: Buckler           |     3 |     5 ||     8

Table legend: (Time is in decaauts)
 A = Elapsed time spent in this place.
 B = Non-inter-level travel time spent in this place.
 C = Inter-level travel time spent in this place.
 D = Time resting spent in this place.
 E = Time spent auto-exploring this place.
 F = Levels seen in this place.
 G = Mean time per level.
                   A        B        C        D        E       F      G
               +--------+--------+--------+--------+--------+-----+--------+
         Total |   1652 |   1637 |     15 |      0 |   1299 |   3 |  550.7 |
       Dungeon |   1652 |   1637 |     15 |      0 |   1299 |   3 |  550.7 |
               +--------+--------+--------+--------+--------+-----+--------+

Top non-repeatable levels by time:
     D:1: 799 daAuts
     D:2: 509 daAuts
     D:3: 343 daAuts
